 Dungeon Crawl Stone Soup version 0.20-a0-983-g35de22d (webtiles) character file.

3 Ordine the Insei (level 1, 0/13 HPs)
             Began as an Octopode Transmuter on Apr 10, 2017.
             Slain by a bat (1 damage)
             ... on level 1 of the Dungeon.
             The game lasted 00:00:40 (121 turns).

Ordine the Insei (Octopode Transmuter)               Turns: 121, Time: 00:00:40

Health: 0/13       AC:  1    Str:  9    XL:     1   Next: 50%
Magic:  3/3        EV: 13    Int: 15    God:
Gold:   6          SH:  0    Dex: 12    Spells: 3/4 levels left

rFire    . . .     SeeInvis .     - Unarmed
rCold    . . .     Gourm    .   (no shield)
rNeg     . . .     Faith    .   (helmet restricted)
rPois    .         Spirit   .   (no amulet)
rElec    .         Reflect  .   (no ring)
rCorr    .         Harm     .   (no ring)
MR       .....                  (no ring)
Stlth    ++........             (no ring)
Regen    0.1/turn               (no ring)
MPRegen  0.1/turn               (no ring)
                                (no ring)
                                (no ring)

@: no status effects
A: almost no armour, stealthy swim, amphibious, 8 rings, constrict 8, camouflage
1, gelatinous body 1
a: no special abilities


You were on level 1 of the Dungeon.
You were not hungry.

You visited 1 branch of the dungeon, and saw 1 of its levels.

You collected 6 gold pieces.

Inventory:

Missiles
 a - 34 arrows
Scrolls
 d - a scroll of enchant weapon {unknown}
 e - a scroll of recharging {unknown}
 g - a scroll of identify {unknown}
Books
 b - a book of Changes

   Spells                             Type                      Level
   a - Beastly Appendage              Transmutation                1
   b - Sticks to Snakes               Transmutation                2
   c - Spider Form                    Transmutation/Poison         3
   d - Ice Form                       Ice/Transmutation            4
   e - Blade Hands                    Transmutation                5
Comestibles
 c - a bread ration
 f - a chunk of flesh


   Skills:
 - Level 1.0 Fighting
 - Level 2.0 Dodging
 + Level 3.0 Unarmed Combat
 * Level 2.2 Spellcasting
 + Level 2.0 Transmutations


You had 3 spell levels left.
You knew the following spells:

 Your Spells              Type           Power        Failure   Level  Hunger
a - Beastly Appendage     Tmut           #.....       12%         1    #......


Dungeon Overview and Level Annotations

Branches:
Dungeon (1/15)

Altars:


Innate Abilities, Weirdness & Mutations

You cannot wear most types of armour.
You are very stealthy in the water. (Stealth+)
You are amphibious.
You can wear up to eight rings at the same time.
You can use your tentacles to constrict eight enemies at once.
Your skin changes colour to match your surroundings (Stealth+).
Your rubbery body absorbs attacks. (AC +1, EV +1)


Message History

You see here a hobgoblin corpse.
You tentacle-slap the rat. You grab the rat.
The rat is severely wounded.
You constrict the rat, but do no damage.
The bat barely misses you. The goblin hits you with a club.
You are too injured to fight recklessly!
You are too injured to fight recklessly!
You are too injured to fight recklessly!
You release your grip on the rat.
The bat misses you. The bat hits you but does no damage.
The rat closely misses you. The bat closely misses you.
The bat completely misses you. The rat bites you.
* * * LOW HITPOINT WARNING * * *
The bat hits you.
* * * LOW HITPOINT WARNING * * *
You aren't carrying any potions.
You barely miss the rat. Your grab misses the rat.
The rat is moderately wounded.
The bat hits you.
You die...

.⌠.#.# .###..........
...#.#(.
..............
.###.#.# #####
#........[.. .....#.#
#.... #...........
.#####.### ...
#....†......
.......... ...
#..........# ...##.###
#.# #######..........
.#....##
#.###b..g............
.......#
##.#.@r#####..........
##.....#####....###
#..........
#.....##.....###
#..........
#........###.#
##........# #.....####
#.# ##......##
#.....### #.# #######
#####...# #.# #.#.#
#.# #.#.####.#


You could see a goblin, a bat and a rat.

Vanquished Creatures
  A hobgoblin (D:1)
  A bat (D:1)
  A frilled lizard (D:1)
  A rat (D:1)
4 creatures vanquished.

Notes
Turn   | Place    | Note
-------+----------+-------------------------------------------
     0 | D:1      | Ordine the Octopode Transmuter began the quest for the Orb.
     0 | D:1      | Reached XP level 1. HP: 13/13 MP: 3/3
   121 | D:1      | Slain by a bat

Vault maps used:
D:1:      dpeg_arrival_court, minmay_small_reverse_x

Action                   || total
-------------------------++-------
Melee: Unarmed           ||     6
       Constrict         ||     3
       Punch             ||     1
       Tentacles         ||     1
 Stab: Sleeping          ||     1
Armor: Skin              ||     2
Dodge: Dodged            ||     7
